 Dungeon Crawl Stone Soup version 0.20.0-10-g0535bb4 (webtiles) character file.

222 Hasart the Skirmisher (level 5, -1/43 HPs)
             Began as a Barachi Fighter on June 4, 2017.
             Slain by a quokka (2 damage)
             ... on level 3 of the Dungeon.
             The game lasted 00:04:15 (2016 turns).

Hasart the Skirmisher (Barachi Fighter)             Turns: 2016, Time: 00:04:16

Health: -1/43      AC:  7    Str: 18    XL:     5   Next: 99%
Magic:  5/5        EV:  8    Int:  9    God:
Gold:   76         SH:  9    Dex: 11    Spells: 4/4 levels left

rFire    . . .     SeeInvis +   a - +0 long sword
rCold    . . .     Gourm    .   c - +0 shield
rNeg     . . .     Faith    .   b - +0 scale mail
rPois    .         Spirit   .   (no helmet)
rElec    .         Reflect  .   (no cloak)
rCorr    .         Harm     .   (no gloves)
MR       .....                  (no boots)
Stlth    ..........             (no amulet)
Regen    0.2/turn               q - ring of see invisible
MPRegen  0.1/turn               (no ring)

@: lethally poisoned (-1 -> -3), slow
A: +LOS, swims, slowness 1, strong legs 1
a: Hop


You were on level 3 of the Dungeon.
You were not hungry.

You visited 1 branch of the dungeon, and saw 3 of its levels.

You collected 76 gold pieces.

Inventory:

Hand Weapons
 a - a +0 long sword (weapon)
Armour
 b - a +0 scale mail (worn)
 c - a +0 shield (worn)
Jewellery
 q - a ring of see invisible (left hand)
 s - a cursed ring of loudness {unknown}
Scrolls
 h - 5 scrolls of remove curse {unknown}
 j - 2 scrolls of identify {unknown}
 r - a scroll of immolation {unknown}
 t - a scroll of random uselessness {unknown}
Potions
 d - a potion of might
 e - a potion of heal wounds {unknown}
 i - a potion of haste {unknown}
 l - 4 potions of lignification {unknown}
 m - a potion of flight {unknown}
 n - a potion of magic {unknown}
 p - a potion of curing
Comestibles
 f - 3 bread rations
 g - 2 meat rations
 k - 4 fruits
 o - 2 chunks of flesh


   Skills:
 + Level 4.6 Fighting
 * Level 4.3 Long Blades
 + Level 4.6 Armour
 + Level 2.1 Dodging
 + Level 4.3 Shields


You had 4 spell levels left.
You didn't know any spells.

Dungeon Overview and Level Annotations

Branches:
Dungeon (3/15)

Altars:


Innate Abilities, Weirdness & Mutations

Shadows flee at your approach. (+LOS)
You can swim through water.
You cover ground slowly.
You can hop short distances.


Message History

You feel sick.
The quokka bites you but does no damage. x2
* * * LOW HITPOINT WARNING * * *
You feel sick.
You see here an adder corpse.
You hear the quick rusting of a very distant drain.
* * * LOW HITPOINT WARNING * * *
You feel sick. You block the quokka's attack.
Unknown command.
You miss the quokka. The quokka bites you.
* * * LOW HITPOINT WARNING * * *
You hit the quokka.
The quokka is almost dead.
* * * LOW HITPOINT WARNING * * *
You feel sick. The quokka closely misses you. You block the quokka's attack.
You completely miss the quokka.
The quokka is almost dead.
* * * LOW HITPOINT WARNING * * *
You feel sick. The quokka bites you.
You die...

#....##.........######
#.(..##..######.########
###..##.### ##..........
#####.......###...........
#...........##....).......
#.........#.##............
#.........#.##............
#...>.....#.##...<........
#........@...#....<.......
#........r.#.##...........
#.........## ###..........
#.........# #..###.....
#########.# ..# .#... #.#
.# .##.. #.# #.. #.# ...
#.# .#


You could see a quokka.

Vanquished Creatures
  An ogre (D:3)
  5 adders
  4 gnolls
  An ooze (D:1)
  2 worms (D:3)
  2 dart slugs
  2 orcs (D:3)
  A ball python (D:1)
  2 giant cockroaches
  2 goblins (D:2)
  9 hobgoblins
  6 jackals
  A bat (D:3)
  5 frilled lizards
  2 kobolds
  4 rats
49 creatures vanquished.

Notes
Turn   | Place    | Note
-------+----------+-------------------------------------------
     0 | D:1      | Hasart the Barachi Fighter began the quest for the Orb.
     0 | D:1      | Reached XP level 1. HP: 18/18 MP: 1/1
   294 | D:1      | Reached XP level 2. HP: 25/25 MP: 2/2
   441 | D:1      | Reached XP level 3. HP: 27/30 MP: 3/3
   832 | D:2      | Reached skill level 1 in Dodging
  1079 | D:2      | Reached XP level 4. HP: 38/38 MP: 4/4
  1647 | D:3      | Noticed an ogre
  1659 | D:3      | Killed an ogre
  1659 | D:3      | Reached XP level 5. HP: 5/43 MP: 5/5
  2015 | D:3      | HP: 2/43 [poisoned by an adder]
  2016 | D:3      | Slain by a quokka

Skill      XL: |  1  2  3  4  5 |
---------------+----------------+-----
Fighting       | 4 |  4.6
Long Blades    | 3 4 |  4.3
Dodging        | 1 2 |  2.1
Armour         | 4 |  4.6
Shields        | 4 |  4.3

Action                   |  1- 3 |  4- 6 || total
-------------------------+-------+-------++-------
Melee: Long sword        |   123 |    95 ||   218
  Eat: Chunk             |     1 |     4 ||     5
Armor: Scale mail        |    54 |    35 ||    89
Dodge: Dodged            |    40 |    32 ||    72
Block: Shield            |    56 |    48 ||   104
       Rpst.: Long sword |    16 |     4 ||    20
